 Dungeon Crawl Stone Soup version 0.21.1-1-g345015fe64 (webtiles) character file.

830 PikkenKukken the Poker (level 7, 0/60 HPs)
             Began as a Minotaur Gladiator on May 11, 2018.
             Slain by an ogre
             ... wielding a +0 giant spiked club
              (24 damage)
             ... on level 6 of the Dungeon.
             The game lasted 00:13:43 (4169 turns).

PikkenKukken the Poker (Minotaur Gladiator)         Turns: 4169, Time: 00:13:43

Health: 0/60       AC: 11    Str: 19    XL:     7   Next: 65%
Magic:  6/6        EV:  7    Int:  5    God:
Gold:   282        SH: 11    Dex: 13    Spells: 6/6 levels left

rFire    + . .     SeeInvis .   A - +3 spear (pierce)
rCold    . . .     Gourm    .   q - +2 shield
rNeg     . . .     Faith    .   D - +0 chain mail of Hadjma {*Contam +Blink rPois Slay+5}
rPois    +         Spirit   .   c - +2 hat
rElec    .         Reflect  .   (no cloak)
rCorr    .         Harm     .   (no gloves)
MR       .....                  (no boots)
Stlth    ..........             (no amulet)
HPRegen  0.20/turn              j - ring of protection from fire
MPRegen  0.10/turn              (no ring)

@: no status effects
A: retaliatory headbutt, horns 2
a: Evoke Blink


You were on level 6 of the Dungeon.
You were not hungry.

You visited 1 branch of the dungeon, and saw 6 of its levels.

You collected 282 gold pieces.

Inventory:

Hand Weapons
 a - a +0 trident
 e - a +0 dire flail
 t - a -1 hand axe
 y - the +4 Vampire's Tooth {vamp}
   (You found it on level 4 of the Dungeon)

   It inflicts no extra harm, but heals its wielder when it wounds a living foe.
 A - a +3 spear of piercing (weapon)
 B - a +0 halberd
Missiles
 d - 3 throwing nets (quivered)
 o - 83 arrows
Armour
 c - a +2 hat (worn)
 h - a +0 chain mail
 q - a +2 shield (worn)
 D - the +0 chain mail of Hadjma (worn) {*Contam +Blink rPois Slay+5}
   (You found it on level 5 of the Dungeon)

   It affects your accuracy and damage with ranged weapons and melee attacks
   (+5).
   It protects you from poison.
   It lets you blink.
   It causes magical contamination when unequipped.
Jewellery
 j - a ring of protection from fire (left hand)
 r - a cursed ring of teleportation
Wands
 b - a wand of iceblast (3)
 p - a wand of digging (12)
Scrolls
 k - a scroll of summoning {unknown}
 v - a scroll of teleportation
 w - 2 scrolls of identify
 x - a scroll of enchant weapon
 z - a scroll of immolation {unknown}
 C - a scroll of blinking
 E - 2 scrolls of remove curse
Potions
 g - 2 potions of heal wounds {unknown}
 i - a potion of lignification {unknown}
 l - a potion of resistance
 m - 2 potions of degeneration {unknown}
 n - 2 potions of agility {unknown}
 s - a potion of brilliance {unknown}
 u - a potion of haste {unknown}
Comestibles
 f - 9 rations
 F - 6 chunks of flesh


   Skills:
 + Level 4.6 Fighting
 + Level 7.4 Polearms
 + Level 2.4 Throwing
 + Level 4.2 Armour
 + Level 4.3 Dodging
 + Level 3.7 Shields


You had 6 spell levels left.
You didn't know any spells.

Dungeon Overview and Level Annotations

Branches:
Dungeon (6/15)
 Temple: D:4-7

Altars:
Kikubaaqudgha
Wu Jian


Innate Abilities, Weirdness & Mutations

You reflexively headbutt those who attack you in melee.
You have a pair of horns on your head.


Message History

You see here a scroll labeled BUETEMA ASIQ.
The orc completely misses you.
You feel sick. The orc closely misses you.
You puncture the orc!
You kill the orc!
You hear some strange, mumbled words.
A puff of flame appears from out of thin air!
The puff of flame hits you! You resist.
You see here a yellow potion.
Something hits you but does no damage.
Things that are here:
an uncursed shortbow; 7 arrows You feel less confused.
You feel sick.
You are no longer poisoned.
You see here a scroll labeled BUETEMA ASIQ.
You puncture the ogre! You headbutt the ogre!
The ogre is severely wounded.
The ogre hits you with a giant spiked club!!
You die...

###+#.......#
#...........#
######...........#
#................#
#...............)#
###.......[..(.....+
...........((##....#
.........)(####.####
........O@.#
#.##########
...%....)..#
#.........).
...##'###..#
#...######## .. #.
#..# #...# . #.
#.... +.... .
.....##...#. #
#....#.......
#....#........####
....#.......$+...


You could see an ogre.

Vanquished Creatures
  The ghost of Mrkan the Cudgeler, an amateur MiFi (D:4)
  A centaur (D:6)
  A gnoll sergeant (D:5)
  A scorpion (D:5)
  2 vampire bats (D:4)
  Crazy Yiuf (D:3)
  An orc priest (D:6)
  3 orc wizards
  Terence (D:3)
  Jessica (D:3)
  3 worker ants
  A howler monkey zombie (D:5)
  3 gnolls
  3 adders
  An ooze (D:5)
  2 dart slugs
  4 leopard geckos
  15 orcs
  2 giant cockroaches
  3 goblins
  5 hobgoblins
  3 jackals
  A quokka (D:2)
  14 bats
  5 frilled lizards
  7 kobolds
  9 rats
  A fungus (D:3)
95 creatures vanquished.

Notes
Turn   | Place    | Note
-------+----------+-------------------------------------------
     0 | D:1      | PikkenKukken the Minotaur Gladiator began the quest for the Orb.
     0 | D:1      | Reached XP level 1. HP: 18/18 MP: 0/0
   467 | D:1      | Reached XP level 2. HP: 25/25 MP: 1/1
   536 | D:1      | Reached skill level 4 in Polearms
  1026 | D:2      | Reached XP level 3. HP: 30/30 MP: 2/2
  1247 | D:2      | Reached skill level 1 in Armour
  1247 | D:2      | Reached XP level 4. HP: 26/37 MP: 3/3
  1330 | D:2      | Reached skill level 5 in Polearms
  1753 | D:3      | Noticed Jessica
  1759 | D:3      | Killed Jessica
  1759 | D:3      | Reached XP level 5. HP: 45/45 MP: 4/4
  1870 | D:3      | Noticed Terence
  1884 | D:3      | Killed Terence
  1906 | D:3      | Found an ancient bone altar of Kikubaaqudgha.
  1906 | D:3      | Found an ornate altar of the Wu Jian Council.
  2456 | D:3      | Found a runed door.
  2460 | D:3      | Noticed Crazy Yiuf
  2465 | D:3      | Killed Crazy Yiuf
  2465 | D:3      | Reached skill level 6 in Polearms
  2591 | D:4      | Reached skill level 1 in Shields
  2591 | D:4      | Reached XP level 6. HP: 48/51 MP: 5/5
  3036 | D:4      | Noticed Mrkan's ghost (amateur MiFi)
  3051 | D:4      | Killed Mrkan's ghost
  3053 | D:4      | Found the +4 Vampire's Tooth {vamp}
  3176 | D:5      | Entered Level 5 of the Dungeon
  3192 | D:4      | Reached XP level 7. HP: 49/58 MP: 6/6
  3255 | D:5      | Reached skill level 7 in Polearms
  3598 | D:5      | Got a smoking chain mail
  3604 | D:5      | Identified the +0 chain mail of Hadjma {*Contam +Blink rPois Slay+5} (You found it on level 5 of the Dungeon)
  4169 | D:6      | Slain by an ogre

Skill      XL: |  1  2  3  4  5  6  7 |
---------------+----------------------+-----
Polearms       | 4 5 6 7 |  7.4
Dodging        | 4 |  4.3
Armour         | 1 2 3 4 |  4.2
Fighting       | 3 4 |  4.6
Shields        | 1 2 3 |  3.7
Throwing       | |  2.4

Action                   |  1- 3 |  4- 6 |  7- 9 || total
-------------------------+-------+-------+-------++-------
Melee: Trident           |    77 |   147 |    10 ||   234
       Headbutt          |     8 |    27 |     9 ||    44
       Hand axe          |       |     9 |       ||     9
       Spear             |       |       |    33 ||    33
  Use: Scroll            |     3 |     7 |     1 ||    11
  Eat: Chunk             |     1 |     3 |     2 ||     6
       Ration            |       |     1 |     1 ||     2
Armor: Chain mail        |    24 |    60 |     4 ||    88
Dodge: Dodged            |    18 |    46 |     7 ||    71
Block: Shield            |       |    53 |    13 ||    66
